 Dungeon Crawl Stone Soup version 0.20-a0-270-g8e735b6 (webtiles) character file.

24 gamerape the Skirmisher (level 3, 0/26 HPs)
             Began as an Octopode Abyssal Knight on Dec 10, 2016.
             Was a Follower of Lugonu.
             Succumbed to an adder's poison
             ... on level 1 of the Dungeon.
             The game lasted 00:02:28 (340 turns).

gamerape the Skirmisher (Octopode Abyssal Knight)    Turns: 340, Time: 00:02:29

Health: 0/26       AC:  1    Str: 11    XL:     3   Next: 2%
Magic:  4/4        EV: 14    Int: 14    God:    Lugonu [*.....]
Gold:   26         SH:  0    Dex: 12    Spells: 2/2 levels left

rFire  . . .     SeeInvis .     a - +1 falchion
rCold  . . .     Gourm    .     (no shield)
rNeg   . . .     Faith    .     (helmet restricted)
rPois  .         Spirit   .     (no amulet)
rElec  .         Reflect  .     (no ring)
rCorr  .         Harm     .     (no ring)
MR     .....                    (no ring)
Stlth  ++........               (no ring)
                                (no ring)
                                (no ring)
                                (no ring)
                                (no ring)

@: lethally poisoned (0 -> -7)
A: almost no armour, stealthy swim, amphibious, 8 rings, constrict 8, camouflage
1, gelatinous body 1
a: Depart the Abyss, Renounce Religion


You were on level 1 of the Dungeon.
You worshipped Lugonu.
Lugonu was aware of your devotion.
You were very full.

You visited 1 branch of the dungeon, and saw 1 of its levels.
You visited the Abyss 1 time.

You collected 26 gold pieces.

Inventory:

Hand Weapons
 a - a +1 falchion (weapon)
Scrolls
 f - a scroll of amnesia
Comestibles
 c - 3 chunks of flesh
 d - a meat ration


   Skills:
 * Level 3.6 Fighting
 + Level 2.1 Long Blades
 + Level 2.6 Dodging
 + Level 0.4 Stealth
 + Level 2.1 Invocations


You had 2 spell levels left.
You didn't know any spells.

Dungeon Overview and Level Annotations

Branches:
Dungeon (1/15)

Altars:


Innate Abilities, Weirdness & Mutations

You cannot wear most types of armour.
You are very stealthy in the water. (Stealth+)
You are amphibious.
You can wear up to eight rings at the same time.
You can use your tentacles to constrict eight enemies at once.
Your skin changes colour to match your surroundings (Stealth+).
Your rubbery body absorbs attacks. (AC +1, EV +1)


Message History

You have reached level 3!
Your experience leads to an increase in your attributes!
Increase (S)trength, (I)ntelligence, or (D)exterity?
You feel agile.
* * * LOW HITPOINT WARNING * * *
You feel sick.
As you read the scroll labeled ANE ETSOGEURY, it crumbles to dust.
It is a scroll of identify.
f - a scroll of amnesia
* * * LOW HITPOINT WARNING * * *
You feel sick.
You aren't quite hungry enough to eat that!
You start eating the bread ration.
You continue eating.
* * * LOW HITPOINT WARNING * * *
You feel sick.
You continue eating.
You finish eating.
That bread ration really hit the spot!
There is a lethal amount of poison in your body!
You die...

#.#.#...##..........#
##.#...#.##.##.......#
###..#####..#.#####†)..#
###...## ##.#.# #.)..#
###...#########...# #....#
#...### #..).###.[# ###....####
..### #....# #..# #.........#
### #....####.# #.........#
#########.......@.# #.........#
.............####.#####.########
#########....# #..###.>.......#
##...# #....# ##..........##.#
.....# #....# #..........##.#
.....#####..## ##.........##.#
............##################.#
....#######.#........ #.#
.......# #.#.........# #.#


There were no monsters in sight!

Vanquished Creatures
  An adder (D:1)
  A dart slug (D:1)
  A bat (D:1)
  A giant cockroach (D:1)
  A goblin (D:1)
  A hobgoblin (D:1)
  3 frilled lizards (D:1)
  5 kobolds (D:1)
  A rat (D:1)
15 creatures vanquished.

Notes
Turn   | Place    | Note
-------+----------+-------------------------------------------
     0 | Abyss:1  | gamerape the Octopode Abyssal Knight began the quest for the Orb.
     0 | Abyss:1  | Reached XP level 1. HP: 16/16 MP: 2/2
    14 | Abyss:1  | Found a corrupted altar of Lugonu.
    65 | Abyss:1  | Noticed a large abomination
    66 | D:1      | Escaped the Abyss
   112 | D:1      | Reached * piety under Lugonu
   133 | D:1      | Reached XP level 2. HP: 16/21 MP: 3/3
   335 | D:1      | Reached XP level 3. HP: 3/26 MP: 4/4
   338 | D:1      | HP: 1/26 [poisoned by an adder]
   340 | D:1      | Succumbed to an adder's poison

Vault maps used:
D:1:      sevenhm_arrival_forest_fort_small_4
Abyss:1:  kilobyte_mutagenic_chamber

Action                   || total
-------------------------++-------
Melee: Falchion          ||    30
       Constrict         ||     7
       Tentacles         ||     2
Invok: Depart the Abyss  ||     1
  Use: Scroll            ||     1
 Stab: Sleeping          ||     2
  Eat: Bread ration      ||     1
Armor: Skin              ||     2
Dodge: Dodged            ||    13
       Rpst.: Falchion   ||     4
